Map: Fields of Death

Players

JimmyRaynor - Winner!

  • Race: Protoss Protoss
  • Spawn Location: 12:00

Amix - Winner!

  • Race: Protoss Protoss
  • League: Platinum
  • Spawn Location: 12:00

A.I. 2 (Elite)

  • Race: Protoss Protoss
  • Spawn Location: 6:00

A.I. 3 (Elite)

  • Race: Zerg Zerg
  • Spawn Location: 7:00

VOD

Have the link to the VOD?

Description

Time

  • Played on: Nov. 29, 2016, 12:29 p.m.
  • Length: 14:35
Show
View Real Time Build Order
Export as new Build Order

JimmyRaynor Protoss - Winner!

Build Orders: 1 Gate Expand, Oracle Opening, Carrier Rush 

Get SALT Encoding   

  12  0:03  Probe (Chrono Boost)  
  13  0:14  Probe (Chrono Boost)  
  14  0:19  Pylon  
  14  0:24  Probe (Chrono Boost)  
  15  0:37  Probe (Chrono Boost)  
  15  0:40  Gateway  
  16  0:50  Probe (Chrono Boost)  
  17  1:11  Nexus  
  17  1:18  Probe (Chrono Boost)  
  18  1:29  Assimilator  
  18  1:34  Cybernetics Core  
  18  1:39  Probe (Chrono Boost)  
  19  1:43  Forge  
  19  1:49  Probe (Chrono Boost)  
  19  1:51  Assimilator  
  20  2:00  Probe (Chrono Boost)  
  21  2:10  Probe (Chrono Boost)  
  22  2:21  Probe (Chrono Boost)  
  23  2:24  Probe (Chrono Boost)  
  24  2:34  Probe (Chrono Boost)  
  25  2:41  Stargate  
  25  2:43  Pylon  
  25  2:45  Probe (Chrono Boost)  
  25  2:49  Photon Cannon  
  26  2:55  Probe (Chrono Boost)  
  27  3:01  Assimilator  
  27  3:02  Pylon  
  27  3:06  Probe x2 (Chrono Boost)  
  29  3:16  Probe (Chrono Boost)  
  29  3:17  Probe (Chrono Boost)  
  31  3:25  Oracle  
  34  3:27  Probe x2 (Chrono Boost)  
  36  3:38  Probe (Chrono Boost)  
  36  3:40  Fleet Beacon  
  37  3:52  Photon Cannon  
  37  3:53  Photon Cannon  
  37  3:54  Protoss Air Weapons Level 1  
  37  3:57  Probe (Chrono Boost)  
  37  4:02  Assimilator  
  38  4:04  Probe (Chrono Boost)  
  38  4:09  Probe (Chrono Boost)  
  40  4:15  Probe (Chrono Boost)  
  41  4:20  Probe (Chrono Boost)  
  42  4:27  Photon Cannon  
  42  4:29  Photon Cannon  
  42  4:35  Carrier (Chrono Boost)  
  48  4:46  Protoss Shields Level 1  
  48  4:52  Graviton Catapult  
  45  5:33  Stargate  
  45  5:39  Photon Cannon  
  45  5:48  Protoss Air Weapons Level 2 (Chrono Boost)  
  45  5:57  Carrier  
  45  6:00  Twilight Council  
  51  6:34  Pylon  
  51  6:37  Pylon  
  51  6:40  Pylon  
  51  6:44  Pylon  
  51  6:45  Pylon, Protoss Shields Level 2  
  51  6:52  Carrier (Chrono Boost)  
  57  6:58  Probe  
  58  7:08  Probe  
  58  7:11  Pylon  
  58  7:13  Pylon  
  59  7:19  Probe  
  60  7:26  Nexus  
  60  7:29  Carrier (Chrono Boost), Probe  
  66  7:30  Assimilator  
  66  7:33  Protoss Air Weapons Level 3 (Chrono Boost)  
  66  7:34  Assimilator  
  67  7:40  Probe  
  68  7:57  Probe  
  68  8:01  Probe  
  70  8:09  Probe  
  71  8:13  Probe  
  71  8:17  Carrier (Chrono Boost)  
  78  8:21  Probe  
  78  8:25  Probe  
  86  9:02  Carrier (Chrono Boost)  
  86  9:33  Carrier (Chrono Boost)  
  92  9:49  Protoss Air Armor Level 1  
  92  9:52  Protoss Shields Level 3  
  98  10:28  Carrier (Chrono Boost)  
  98  10:47  Carrier (Chrono Boost)  
  110  11:53  Carrier (Chrono Boost)  
  110  13:01  Carrier (Chrono Boost)  
  122  13:18  Pylon x2  
  122  13:19  Carrier (Chrono Boost), Pylon  
  122  13:20  Pylon  
  122  13:23  Pylon  
  122  13:24  Pylon  
Show
View Real Time Build Order
Export as new Build Order

Amix Protoss - Winner!

Build Orders: 1 Gate Expand 

Get SALT Encoding   

  12  0:03  Probe (Chrono Boost)  
  13  0:20  Pylon  
  13  0:26  Probe (Chrono Boost)  
  14  0:36  Probe (Chrono Boost)  
  14  0:42  Gateway  
  15  0:57  Probe (Chrono Boost)  
  16  1:07  Probe (Chrono Boost)  
  17  1:16  Nexus  
  17  1:28  Probe (Chrono Boost)  
  17  1:31  Forge  
  18  1:36  Zealot  
  20  1:40  Probe (Chrono Boost)  
  21  1:50  Assimilator  
  21  1:51  Assimilator  
  21  1:58  Probe (Chrono Boost)  
  22  2:09  Probe (Chrono Boost)  
  23  2:20  Pylon  
  23  2:28  Zealot, Probe (Chrono Boost)  
  26  2:31  Photon Cannon  
  26  2:32  Photon Cannon  
  26  2:35  Probe (Chrono Boost)  
  27  2:39  Probe (Chrono Boost)  
  28  2:56  Zealot  
  28  2:57  Cybernetics Core  
  30  3:01  Probe (Chrono Boost)  
  30  3:03  Probe (Chrono Boost)  
  32  3:11  Probe (Chrono Boost)  
  33  3:16  Probe (Chrono Boost)  
  34  3:22  Probe (Chrono Boost)  
  36  3:27  Probe (Chrono Boost), Pylon  
  36  3:30  Pylon  
  36  3:34  Warp Gate (Chrono Boost)  
  36  3:42  Pylon  
  36  3:45  Assimilator, Pylon  
  36  3:46  Probe (Chrono Boost)  
  36  3:47  Probe (Chrono Boost)  
  38  3:59  Stalker  
  40  4:14  Photon Cannon  
  40  4:15  Photon Cannon x2  
  40  4:16  Probe  
  40  4:18  Probe  
  42  4:27  Probe  
  44  4:34  Mothership Core  
  44  4:38  Probe  
  46  4:48  Probe, Gateway  
  46  4:49  Gateway  
  46  4:52  Gateway  
  47  4:55  Probe  
  47  4:59  Probe  
  49  5:07  Probe  
  49  5:08  Assimilator  
  49  5:09  Probe  
  51  5:19  Probe  
  52  5:29  Gateway x2  
  52  5:31  Gateway  
  52  5:34  Gateway  
  52  5:41  Stalker  
  54  5:45  Protoss Ground Weapons Level 1 (Chrono Boost)  
  54  5:58  Stalker  
  54  5:59  Stalker x2  
  54  6:02  Probe x2  
  62  6:14  Probe x2  
  64  6:26  Probe x2  
  64  6:31  Photon Cannon x2  
  66  6:38  Probe  
  66  6:39  Photon Cannon  
  67  6:43  Photon Cannon  
  67  6:52  Pylon x2  
  67  6:53  Pylon  
  67  6:55  Pylon, Adept x5  
  77  7:09  Nexus  
  77  7:15  Probe, Pylon  
  77  7:16  Probe  
  79  7:28  Probe x2  
  81  7:36  Pylon  
  81  7:37  Adept x3  
  81  7:40  Probe  
  81  7:44  Protoss Shields Level 1 (Chrono Boost)  
  88  7:52  Probe x2  
  90  7:59  Stalker x2  
  90  8:04  Probe x2  
  96  8:13  Assimilator  
  96  8:14  Assimilator  
  96  8:16  Probe x2  
  98  8:23  Adept x3  
  98  8:24  Adept  
  106  8:28  Probe  
  107  8:35  Pylon  
  107  8:36  Pylon  
  107  8:41  Probe x2  
  109  8:47  Stalker x3  
  115  8:48  Stalker  
  117  8:58  Forge  
  117  8:59  Forge  
  117  9:05  Twilight Council  
  109  9:21  Protoss Ground Armor Level 1 (Chrono Boost), Adept x5  
  109  9:22  Adept x2  
  109  9:23  Adept  
  125  9:45  Pylon  
  125  9:50  Adept x2, Pylon  
  125  9:51  Adept x5  
  139  9:53  Pylon  
  139  9:56  Resonating Glaives (Chrono Boost)  
  139  10:03  Protoss Ground Weapons Level 2  
  139  10:04  Protoss Shields Level 2  
  139  10:35  Adept  
  139  10:36  Adept x4  
  139  10:37  Adept x3  
  151  10:43  Pylon  
  151  11:16  Adept x2  
  151  11:17  Adept x6  
  165  11:57  Adept  
  165  11:58  Adept x4  
  165  11:59  Adept x3  
  181  12:24  Stalker x4  
  189  12:36  Gateway  
  189  12:37  Gateway  
  189  12:38  Gateway  
  189  12:43  Gateway x3  
  189  12:45  Gateway  
  189  12:48  Gateway  
  189  13:06  Pylon  
  189  13:09  Pylon  
  189  13:10  Pylon  
  189  13:14  Pylon  
  189  13:42  Pylon x2  
  189  13:45  Pylon  
  189  13:46  Pylon  
  185  14:15  Adept x4  
  185  14:16  Adept x4  
Show
View Real Time Build Order
Export as new Build Order

A.I. 2 (Elite) Protoss 

Build Orders: Zealot Archon 

Get SALT Encoding   

  12  0:01  Probe (Chrono Boost)  
  13  0:11  Probe (Chrono Boost)  
  14  0:20  Pylon  
  14  0:22  Probe (Chrono Boost)  
  15  0:38  Probe (Chrono Boost)  
  16  0:47  Assimilator  
  16  0:48  Probe (Chrono Boost)  
  17  0:50  Gateway  
  17  0:59  Probe (Chrono Boost)  
  17  1:00  Pylon  
  18  1:09  Probe (Chrono Boost)  
  19  1:20  Probe (Chrono Boost)  
  20  1:30  Probe (Chrono Boost)  
  21  1:38  Zealot  
  21  1:39  Gateway  
  21  1:41  Cybernetics Core  
  21  1:43  Probe (Chrono Boost)  
  24  1:50  Pylon  
  25  1:55  Probe (Chrono Boost)  
  25  2:04  Zealot  
  25  2:06  Probe (Chrono Boost)  
  28  2:13  Warp Gate  
  28  2:18  Probe (Chrono Boost)  
  29  2:25  Adept  
  31  2:30  Adept  
  31  2:34  Gateway  
  33  2:43  Gateway  
  33  2:51  Adept  
  33  2:56  Adept  
  37  3:01  Probe (Chrono Boost)  
  37  3:02  Pylon  
  38  3:19  Adept  
  38  3:20  Adept  
  38  3:23  Adept  
  44  3:30  Adept  
  44  3:31  Pylon  
  46  3:41  Twilight Council  
  45  4:05  Pylon  
  45  4:19  Assimilator  
  45  4:39  Templar Archives  
  45  4:40  Zealot  
  45  4:43  Probe (Chrono Boost)  
  48  4:55  Nexus  
  48  5:17  Zealot, Stalker  
  48  5:18  High Templar  
  54  5:46  High Templar  
  56  5:54  Archon  
  56  6:02  Pylon  
  56  6:06  Zealot  
  56  6:08  Probe x2 (Chrono Boost)  
  60  6:14  High Templar  
  63  6:19  Assimilator, Probe (Chrono Boost)  
  63  6:20  Probe (Chrono Boost), Assimilator  
  64  6:30  Probe (Chrono Boost)  
  64  6:31  Probe (Chrono Boost)  
  66  6:36  Zealot x3  
  72  6:41  Nexus, Probe (Chrono Boost)  
  72  6:44  Zealot, Probe (Chrono Boost)  
  72  6:46  Pylon  
  76  6:53  Probe (Chrono Boost)  
  77  6:55  Stalker, Probe (Chrono Boost), High Templar  
  77  6:56  Stalker  
  84  7:04  Stalker  
  84  7:05  Probe (Chrono Boost)  
  84  7:07  Probe (Chrono Boost)  
  88  7:11  Pylon  
  88  7:13  Archon  
  88  7:17  Sentry, Probe (Chrono Boost)  
  88  7:18  Probe (Chrono Boost)  
  92  7:24  High Templar  
  96  7:30  Probe x2 (Chrono Boost)  
  96  7:35  Pylon  
  96  7:38  High Templar  
  96  7:41  Probe (Chrono Boost)  
  96  7:42  Probe (Chrono Boost)  
  100  7:50  Robotics Facility  
  100  7:53  Zealot, Probe (Chrono Boost)  
  100  7:54  Probe x2 (Chrono Boost)  
  105  7:59  Stalker  
  105  8:04  Stalker, Probe (Chrono Boost)  
  105  8:05  Probe (Chrono Boost)  
  111  8:10  Probe (Chrono Boost)  
  111  8:11  Pylon  
  112  8:15  Stalker, Probe (Chrono Boost)  
  112  8:17  Probe (Chrono Boost)  
  116  8:21  Probe (Chrono Boost)  
  116  8:23  Stalker  
  116  8:25  Sentry  
  116  8:27  Probe (Chrono Boost)  
  122  8:29  Probe (Chrono Boost)  
  122  8:32  Probe (Chrono Boost)  
  122  8:34  Pylon  
  124  8:35  Zealot  
  124  8:37  Psionic Storm  
  124  8:38  Probe (Chrono Boost), Observer  
  124  8:40  Probe (Chrono Boost)  
  129  8:43  Probe (Chrono Boost)  
  130  8:49  Probe (Chrono Boost)  
  130  8:51  Probe (Chrono Boost)  
  130  8:53  Forge  
  132  8:59  Probe (Chrono Boost), Pylon  
  132  9:01  Probe (Chrono Boost)  
  132  9:02  Probe (Chrono Boost)  
  129  9:04  Stalker  
  129  9:07  Stalker  
  100  9:10  Stalker, Probe (Chrono Boost)  
  100  9:14  Sentry  
  80  9:22  Assimilator  
  80  9:25  Assimilator  
  80  9:26  Stalker  
  80  9:28  Protoss Ground Weapons Level 1  
  80  9:29  Zealot  
  84  9:32  Zealot  
  84  9:35  Stalker  
  85  9:46  Probe (Chrono Boost)  
  85  9:47  Zealot x2  
  85  9:49  Probe (Chrono Boost)  
  85  9:50  Probe (Chrono Boost)  
  85  9:51  Adept  
  93  9:57  Probe (Chrono Boost), High Templar  
  94  10:05  Adept  
  94  10:07  High Templar  
  90  10:10  Stalker  
  84  10:24  Stalker  
  84  10:27  High Templar  
  84  10:31  Zealot  
  84  10:36  Stalker  
  84  10:42  Pylon  
  78  10:44  Pylon  
  78  10:45  Stalker  
  78  10:47  Pylon  
  78  10:49  Zealot  
  77  10:52  Warp Prism  
  77  10:53  Photon Cannon  
  79  10:57  Zealot x2  
  83  11:06  Photon Cannon  
  83  11:07  Zealot, Stalker  
  77  11:11  Photon Cannon  
  77  11:16  Zealot, Sentry  
  75  11:19  Photon Cannon  
  68  11:25  Zealot, Probe x2 (Chrono Boost)  
  68  11:27  Probe (Chrono Boost)  
  68  11:29  Zealot  
  69  11:36  Probe x2 (Chrono Boost)  
  68  11:45  Pylon  
  53  12:03  Cybernetics Core  
  53  12:07  Pylon  
  52  12:09  Forge  
  52  12:20  Pylon  
  52  12:24  Nexus  
  51  12:39  Probe (Chrono Boost)  
  44  12:49  Probe (Chrono Boost)  
  37  12:54  Twilight Council  
  32  13:00  Probe (Chrono Boost)  
  32  13:01  Pylon  
  32  13:16  Nexus  
  32  13:20  Assimilator  
  31  13:34  Pylon  
  31  13:38  Assimilator  
Show
View Real Time Build Order
Export as new Build Order

A.I. 3 (Elite) Zerg 

Build Orders: Pool First 

Get SALT Encoding   

  12  0:01  Drone  
  13  0:12  Overlord  
  13  0:17  Drone  
  14  0:30  Drone x2  
  16  0:42  Spawning Pool  
  15  0:44  Drone  
  15  0:48  Drone  
  17  1:11  Hatchery  
  17  1:13  Drone  
  17  1:17  Extractor  
  17  1:18  Extractor  
  15  1:20  Drone  
  15  1:25  Drone  
  17  1:30  Drone  
  18  1:38  Drone  
  19  1:48  Overlord  
  19  1:57  Queen  
  21  2:03  Zergling x2  
  22  2:10  Drone  
  23  2:24  Queen  
  25  2:31  Drone  
  25  2:36  Drone  
  27  2:41  Drone  
  28  2:46  Drone  
  29  2:58  Roach Warren  
  29  3:00  Drone  
  29  3:03  Drone  
  30  3:07  Zergling x2  
  30  3:09  Zergling x2  
  32  3:15  Overlord  
  32  3:18  Drone  
  33  3:21  Drone  
  34  3:40  Roach x2  
  40  3:41  Roach x2  
  40  3:45  Lair  
  42  3:53  Queen  
  44  3:59  Overlord  
  44  4:03  Spore Crawler  
  44  4:05  Drone  
  44  4:10  Spore Crawler  
  44  4:11  Drone  
  44  4:16  Overlord  
  44  4:20  Zergling x2  
  44  4:22  Zergling x2  
  46  4:25  Zergling x2  
  46  4:28  Drone  
  46  4:30  Drone  
  49  4:33  Drone  
  49  4:35  Drone  
  51  4:38  Drone  
  51  4:42  Overlord  
  52  4:46  Roach  
  52  4:50  Roach  
  56  4:53  Roach  
  56  4:55  Zergling x2  
  58  5:01  Roach  
  58  5:05  Hydralisk Den  
  59  5:11  Overlord  
  59  5:13  Drone  
  59  5:16  Drone  
  59  5:18  Drone  
  59  5:19  Drone  
  62  5:22  Drone  
  62  5:24  Drone  
  62  5:26  Drone  
  65  5:29  Drone  
  65  5:32  Overlord  
  65  5:35  Drone, Hydralisk  
  69  5:38  Hydralisk  
  69  5:42  Hydralisk  
  73  5:46  Hydralisk  
  75  5:50  Drone  
  75  5:51  Overlord  
  75  5:53  Drone  
  75  5:55  Drone  
  75  5:56  Drone  
  79  5:58  Drone  
  79  6:00  Drone  
  79  6:01  Drone  
  79  6:03  Drone  
  83  6:12  Infestation Pit, Overlord  
  83  6:14  Drone  
  83  6:24  Roach x3  
  89  6:28  Hatchery  
  88  6:33  Overlord  
  88  6:34  Drone  
  88  6:36  Roach  
  88  6:39  Roach  
  93  6:41  Roach  
  93  6:43  Roach  
  97  6:49  Infestor  
  97  6:50  Infestor  
  97  6:51  Overlord  
  97  6:52  Roach  
  97  6:54  Roach  
  105  6:55  Metabolic Boost  
  105  7:02  Evolution Chamber  
  104  7:11  Overlord  
  104  7:14  Overseer  
  104  7:17  Evolution Chamber  
  104  7:21  Ravager  
  104  7:22  Evolution Chamber  
  103  7:23  Drone  
  103  7:24  Extractor  
  103  7:25  Drone  
  103  7:27  Roach  
  103  7:28  Zerg Melee Weapons Level 1  
  106  7:33  Drone, Extractor  
  106  7:40  Ravager  
  106  7:41  Drone x3  
  106  7:42  Drone x3  
  106  7:43  Drone x2, Zerg Missile Weapons Level 1  
  115  7:44  Extractor  
  115  7:45  Drone, Overlord  
  115  7:48  Drone, Zerg Ground Armor Level 1  
  115  7:49  Drone  
  117  7:51  Drone  
  117  7:52  Drone  
  117  7:54  Drone  
  117  7:56  Drone  
  117  7:57  Drone  
  122  7:59  Drone  
  122  8:01  Drone  
  124  8:06  Overlord  
  124  8:09  Drone  
  124  8:12  Drone  
  126  8:16  Drone, Hydralisk x2, Roach  
  126  8:17  Drone  
  126  8:18  Drone  
  126  8:19  Drone  
  136  8:21  Drone  
  136  8:24  Drone  
  138  8:28  Overlord  
  138  8:32  Drone  
  138  8:33  Drone  
  140  8:34  Glial Reconstitution  
  140  8:37  Hatchery  
  140  8:39  Drone  
  140  8:42  Drone  
  140  8:44  Infestor  
  140  8:45  Hydralisk  
  140  8:46  Hydralisk  
  140  8:48  Overlord  
  147  8:50  Infestor  
  147  8:54  Pathogen Glands  
  149  9:00  Roach, Zergling x2  
  152  9:06  Roach  
  152  9:07  Roach  
  152  9:09  Overlord  
  156  9:11  Zergling x2  
  156  9:12  Zergling x2  
  156  9:13  Spire, Zergling x2  
  158  9:21  Extractor  
  157  9:29  Overlord, Hive  
  157  9:48  Overlord  
  157  9:50  Drone  
  157  9:51  Drone  
  157  9:52  Drone x2  
  161  9:54  Overseer  
  161  10:01  Overseer  
  161  10:02  Hydralisk  
  157  10:10  Extractor  
  157  10:12  Drone, Infestor, Spine Crawler  
  158  10:15  Drone x2, Spine Crawler  
  158  10:17  Spine Crawler  
  158  10:18  Drone, Hydralisk  
  158  10:20  Spine Crawler  
  154  10:21  Drone, Hydralisk  
  154  10:22  Drone, Hydralisk, Extractor  
  154  10:24  Hydralisk, Corruptor  
  155  10:29  Roach  
  155  10:31  Corruptor  
  155  10:33  Roach  
  155  10:34  Drone x2, Zergling x2  
  155  10:35  Zergling x4  
  153  10:36  Zergling x2  
  153  10:37  Zergling x2  
  153  10:38  Zergling x2  
  153  10:40  Zergling x4  
  153  10:42  Infestor, Zergling x2  
  133  10:45  Drone x2  
  133  10:47  Drone  
  125  10:53  Drone  
  125  10:54  Zergling x2  
  125  10:55  Roach  
  125  10:56  Roach x3  
  124  10:58  Drone  
  117  11:04  Hydralisk  
  117  11:06  Hydralisk x2  
  117  11:08  Drone  
  117  11:09  Zergling x6  
  105  11:15  Drone  
  105  11:17  Infestor  
  95  11:18  Roach  
  95  11:19  Zergling x2  
  92  11:26  Drone  
  92  11:28  Infestor, Roach  
  92  11:30  Zergling x2  
  89  11:34  Ravager, Spire  
  89  11:35  Zergling x2  
  89  11:36  Zergling x4  
  89  11:37  Hydralisk, Roach, Zergling x2  
  89  11:38  Roach  
  97  11:40  Roach  
  97  11:41  Roach, Zergling x2  
  95  11:48  Zergling x2  
  95  11:50  Drone  
  95  11:51  Drone  
  95  11:52  Drone  
  98  11:54  Hydralisk Den  
  98  11:59  Drone  
  87  12:01  Drone  
  87  12:02  Drone x2  
  87  12:05  Zergling x2  
  87  12:06  Drone x2  
  87  12:07  Roach  
  87  12:08  Drone  
  82  12:10  Zergling x2  
  72  12:20  Lair  
  72  12:21  Overlord  
  69  12:27  Spawning Pool  
  47  12:59  Overlord  
  47  13:03  Hatchery  
  46  13:10  Drone  
  40  13:13  Zergling x2  
  40  13:16  Queen  
  40  13:17  Zergling x2  
  44  13:21  Drone  
  44  13:24  Drone  
  44  13:26  Drone  
  47  13:28  Drone  
  47  13:30  Drone  
  47  13:32  Drone  
  49  13:34  Drone  
  49  13:35  Overlord  
  50  13:43  Zergling x2  
  48  13:52  Drone, Overseer  
  48  13:53  Drone x2  
  48  13:54  Overlord  
  48  13:55  Drone, Overseer  
  50  13:56  Overseer  
  50  13:58  Drone  
  50  13:59  Evolution Chamber  
  50  14:05  Drone  
Tags
 
Add a new tag
Caveats
  • Supply blocks, unpowered buildings, or Contaminate may cause inaccurate times.
  • Supply counts are checked every 10 seconds.